General information
- name: BNet
- type: Ladder team game (AT/RT)
- host: Battle.net
- saver: undeadsrhuman2
map: Battleground
- players: 8
- length: 46:05
- speed: Fast
- version: 1.27 W3XP
- replay type: Public
» download(225 KB)
Players
team 1 (winner)
doot (
orange | 81 APM | 917 actions | 11:15)
3 Keeper of the Grove
2 Entangling Roots
1 Thorns Aura
» actions
| Assign group hotkey | 11 | |
| Basic commands | 105 | |
| Build / train | 41 | |
| Enter build submenu | 16 | |
| Enter hero's abilities submenu | 3 | |
| Give item / drop item | 1 | |
| Right click | 374 | |
| Select / deselect | 171 | |
| Select group hotkey | 161 | |
| Use ability | 34 | |
917 total
» units
| Wisp | 13 | |
| Archer | 7 | |
| Mountain Giant | 1 | |
| Rifleman | 5 | |
26 total
» upgrades
| Improved Bows | 1 | |
| Reinforced Hides | 1 | |
| Hardened Skin | 1 | |
3 total
» buildings
| Altar of Elders | 1 | |
| Moon Well | 6 | |
| Ancient of War | 1 | |
| Ancient of Wonders | 1 | |
| Tree of Ages | 1 | |
| Hunter's Hall | 1 | |
| Tree of Eternity | 1 | |
| Ancient Protector | 2 | |
| Ancient of Lore | 2 | |
| Castle | 1 | |
| Arcane Sanctum | 1 | |
18 total
» build order
00:09 Altar of Elders
00:17 Moon Well
00:33 Ancient of War
01:34 Moon Well
02:05 Ancient of Wonders
02:38 Tree of Ages
03:24 Moon Well
04:56 Hunter's Hall
05:17 Tree of Eternity
06:20 Ancient Protector
06:23 Ancient Protector
06:26 Ancient of Lore
09:03 Castle
09:10 Ancient of Lore
09:37 Moon Well
09:39 Moon Well
09:45 Moon Well
10:07 Arcane Sanctum
» items
| Dust of Appearance | 1 | |
| Potion of Healing | 1 | |
| Circlet of Nobility | 1 | |
| Boots of Speed | 1 | |
4 total
cabbageroll (
yellow | 107 APM | 946 actions | 08:48)
2 Archmage
1 Summon Water Elemental
1 Brilliance Aura
» actions
| Assign group hotkey | 19 | |
| Basic commands | 52 | |
| Build / train | 31 | |
| ESC pressed | 2 | |
| Enter build submenu | 21 | |
| Enter hero's abilities submenu | 2 | |
| Right click | 614 | |
| Select / deselect | 111 | |
| Select group hotkey | 52 | |
| Use ability | 42 | |
946 total
» units
» upgrades
» buildings
| Farm | 8 | |
| Barracks | 2 | |
| Blacksmith | 1 | |
| Altar of Kings | 2 | |
| Lumber Mill | 1 | |
| Arcane Vault | 1 | |
| Keep | 2 | |
17 total
» build order
00:08 Farm
00:29 Barracks
00:44 Barracks
00:50 Farm
01:10 Blacksmith
01:37 Altar of Kings
01:40 Altar of Kings
01:56 Lumber Mill
02:10 Farm
02:53 Arcane Vault
03:16 Farm
03:16 Farm
04:20 Farm
05:31 Keep
05:31 Keep
06:37 Farm
06:38 Farm
» items
| Boots of Speed | 1 | |
| Scroll of Town Portal | 1 | |
2 total
undeadsrhuman2 (
blue | 81 APM | 3711 actions | 46:05)
7 Blademaster
3 Wind Walk
3 Critical Strike
1 Bladestorm
1 Keeper of the Grove
1 Force of Nature
» actions
| Assign group hotkey | 60 | |
| Basic commands | 23 | |
| Build / train | 137 | |
| Enter build submenu | 108 | |
| Enter hero's abilities submenu | 8 | |
| Give item / drop item | 4 | |
| Right click | 1808 | |
| Select / deselect | 473 | |
| Select group hotkey | 715 | |
| Use ability | 375 | |
3711 total
» units
| Peon | 18 | |
| Grunt | 4 | |
| Forest Troll Berserker | 1 | |
| Forest Troll Shadow Priest | 1 | |
| Wind Rider | 13 | |
| Wisp | 26 | |
| Troll Batrider | 5 | |
68 total
» upgrades
| Armor | 2 | |
| Berserker Strength | 1 | |
| Ranged Weapons | 2 | |
| Reinforced Defenses | 1 | |
| Envenomed Spears | 1 | |
| Spiked Barricades | 2 | |
| Well Spring | 1 | |
| Nature's Blessing | 1 | |
| Masonry | 1 | |
| Pillage | 1 | |
13 total
» buildings
| Orc Burrow | 11 | |
| Altar of Storms | 2 | |
| Barracks | 2 | |
| Voodoo Lounge | 3 | |
| War Mill | 2 | |
| Stronghold | 6 | |
| Fortress | 5 | |
| Beastiary | 5 | |
| Watch Tower | 34 | |
| Ancient Protector | 20 | |
| Moon Well | 11 | |
| Tree of Eternity | 5 | |
| Tree of Life | 2 | |
| Great Hall | 1 | |
109 total
» build order
00:26 Orc Burrow
01:09 Altar of Storms
01:12 Barracks
01:21 Orc Burrow
02:02 Voodoo Lounge
02:35 War Mill
03:10 Orc Burrow
04:43 Stronghold
07:13 Fortress
07:53 Beastiary
07:54 Beastiary
08:25 Orc Burrow
10:36 Watch Tower
11:18 Watch Tower
11:20 Watch Tower
11:52 Watch Tower
11:56 Watch Tower
12:05 Orc Burrow
12:08 Orc Burrow
12:20 Orc Burrow
12:39 Ancient Protector
12:40 Ancient Protector
12:41 Ancient Protector
12:42 Ancient Protector
12:45 Ancient Protector
12:49 Ancient Protector
12:55 Ancient Protector
12:57 Ancient Protector
13:00 Ancient Protector
13:34 Moon Well
13:50 Watch Tower
13:51 Watch Tower
13:56 Watch Tower
14:01 Moon Well
14:02 Moon Well
14:03 Moon Well
14:06 Moon Well
14:07 Moon Well
14:11 Tree of Eternity
14:11 Tree of Eternity
14:11 Tree of Eternity
15:31 Watch Tower
15:32 Watch Tower
15:39 Watch Tower
15:51 Watch Tower
16:16 Voodoo Lounge
16:19 Tree of Life
16:41 Watch Tower
16:48 Watch Tower
17:01 Barracks
17:17 Ancient Protector
17:18 Ancient Protector
17:20 Ancient Protector
17:22 Ancient Protector
17:24 Ancient Protector
18:34 Moon Well
18:35 Moon Well
18:39 Moon Well
18:40 Moon Well
18:43 Moon Well
19:07 Ancient Protector
19:09 Ancient Protector
20:13 Ancient Protector
20:15 Ancient Protector
20:16 Ancient Protector
20:46 Ancient Protector
22:21 Watch Tower
22:21 Watch Tower
22:23 Watch Tower
22:24 Watch Tower
24:29 Watch Tower
24:31 Watch Tower
27:15 Great Hall
27:18 Watch Tower
27:19 Watch Tower
27:20 Watch Tower
27:21 Watch Tower
27:47 Watch Tower
27:51 Watch Tower
28:26 War Mill
28:59 Orc Burrow
29:01 Orc Burrow
29:43 Watch Tower
29:47 Watch Tower
29:52 Watch Tower
29:55 Watch Tower
30:54 Stronghold
30:54 Stronghold
30:54 Stronghold
32:13 Tree of Life
32:47 Watch Tower
32:48 Watch Tower
32:52 Watch Tower
33:10 Watch Tower
37:02 Altar of Storms
39:03 Fortress
39:03 Fortress
39:03 Fortress
40:12 Beastiary
41:09 Beastiary
41:36 Voodoo Lounge
41:39 Beastiary
41:46 Orc Burrow
42:08 Orc Burrow
» items
| Healing Salve | 4 | |
| Lesser Clarity Potion | 5 | |
| Dust of Appearance | 1 | |
| Periapt of Vitality | 1 | |
| Circlet of Nobility | 1 | |
| Scroll of Town Portal | 1 | |
| Staff of Teleportation | 1 | |
14 total
guwee (
red | 69 APM | 756 actions | 10:56)
2 Warden
1 Fan of Knives
1 Blink
» actions
| Assign group hotkey | 10 | |
| Basic commands | 4 | |
| Build / train | 28 | |
| Enter build submenu | 15 | |
| Enter hero's abilities submenu | 2 | |
| Right click | 314 | |
| Select / deselect | 122 | |
| Select group hotkey | 233 | |
| Use ability | 28 | |
756 total
» units
» upgrades
| Strength of the Moon | 1 | |
| Moon Armor | 1 | |
2 total
» buildings
| Altar of Elders | 1 | |
| Moon Well | 7 | |
| Ancient of War | 1 | |
| Hunter's Hall | 1 | |
| Ancient Protector | 3 | |
| Tree of Ages | 1 | |
14 total
» build order
00:23 Altar of Elders
00:28 Moon Well
02:02 Ancient of War
02:10 Moon Well
02:19 Hunter's Hall
03:11 Moon Well
05:29 Moon Well
06:36 Moon Well
06:44 Ancient Protector
06:50 Ancient Protector
07:38 Moon Well
07:40 Tree of Ages
08:32 Ancient Protector
09:53 Moon Well
team 2 (loser)
eeeeee (
green | 66 APM | 2267 actions | 34:26)
6 Blademaster
2 Critical Strike
3 Wind Walk
1 Bladestorm
5 Shadow Hunter
2 Hex
2 Serpent Ward
1 Healing Wave
4 Tauren Chieftain
2 Endurance Aura
2 Shockwave
» actions
| Assign group hotkey | 49 | |
| Basic commands | 87 | |
| Build / train | 112 | |
| ESC pressed | 2 | |
| Enter build submenu | 22 | |
| Enter hero's abilities submenu | 15 | |
| Give item / drop item | 3 | |
| Right click | 655 | |
| Select / deselect | 515 | |
| Select group hotkey | 581 | |
| Use ability | 226 | |
2267 total
» units
| Peon | 10 | |
| Grunt | 5 | |
| Forest Troll Shadow Priest | 4 | |
| Shaman | 5 | |
| Ogre Mauler | 2 | |
| Forest Troll Berserker | 1 | |
| Raider | 5 | |
| Kodo Beast | 2 | |
| Demolisher | 1 | |
35 total
» upgrades
| Shaman Training | 2 | |
| Pillage | 1 | |
| Berserker Strength | 1 | |
| Armor | 2 | |
| Ensnare | 1 | |
| War Drums Damage Increase | 1 | |
8 total
» buildings
| Orc Burrow | 6 | |
| Altar of Storms | 1 | |
| Barracks | 1 | |
| Voodoo Lounge | 1 | |
| Stronghold | 2 | |
| Spirit Lodge | 1 | |
| Fortress | 2 | |
| War Mill | 2 | |
| Beastiary | 2 | |
| Great Hall | 5 | |
23 total
» build order
00:15 Orc Burrow
00:19 Altar of Storms
00:26 Barracks
01:46 Orc Burrow
01:54 Voodoo Lounge
03:01 Stronghold
03:46 Orc Burrow
05:37 Spirit Lodge
06:23 Fortress
06:23 Fortress
07:20 Orc Burrow
07:24 Orc Burrow
12:15 War Mill
13:58 War Mill
14:29 Orc Burrow
15:22 Beastiary
15:22 Beastiary
22:17 Great Hall
22:22 Great Hall
22:32 Great Hall
24:38 Great Hall
25:56 Great Hall
» items
| Healing Salve | 3 | |
| Lesser Clarity Potion | 7 | |
| Scroll of Healing | 3 | |
| Boots of Speed | 5 | |
| Potion of Lesser Invulnerability | 4 | |
| Circlet of Nobility | 2 | |
| Staff of Teleportation | 2 | |
| Tome of Retraining | 1 | |
| Potion of Mana | 1 | |
28 total
agan-fly (
purple | 28 APM | 945 actions | 33:29)
6 Dark Ranger
3 Black Arrow
2 Life Drain
1 Charm
1 Mountain King
1 Storm Bolt
» actions
| Basic commands | 2 | |
| Build / train | 74 | |
| Enter build submenu | 24 | |
| Enter hero's abilities submenu | 7 | |
| Give item / drop item | 1 | |
| Remove unit from queue | 1 | |
| Right click | 428 | |
| Select / deselect | 350 | |
| Use ability | 58 | |
945 total
» units
| Peasant | 8 | |
| Footman | 14 | |
| Forest Troll Shadow Priest | 1 | |
| Forest Troll Berserker | 2 | |
| Mortar Team | 9 | |
| Sorceress | 4 | |
| Rifleman | 8 | |
| Priest | 1 | |
| Flying Machine | 4 | |
| Siege Engine | 2 | |
53 total
» upgrades
| Defend | 1 | |
| Sorceress Training | 1 | |
| Gunpowder | 2 | |
| Long Rifles | 1 | |
| Barrage | 1 | |
6 total
» buildings
| Altar of Kings | 1 | |
| Farm | 12 | |
| Barracks | 1 | |
| Lumber Mill | 1 | |
| Arcane Vault | 1 | |
| Keep | 1 | |
| Blacksmith | 1 | |
| Workshop | 2 | |
| Arcane Sanctum | 1 | |
| Castle | 1 | |
22 total
» build order
00:17 Altar of Kings
00:25 Farm
00:30 Barracks
00:44 Farm
01:25 Farm
02:46 Lumber Mill
03:34 Arcane Vault
03:57 Farm
04:30 Keep
04:54 Blacksmith
07:37 Workshop
07:41 Arcane Sanctum
07:44 Workshop
08:09 Farm
09:56 Farm
11:47 Farm
12:23 Farm
17:00 Farm
18:22 Farm
22:24 Castle
23:57 Farm
28:47 Farm
» items
| Potion of Healing | 1 | |
| Scroll of Town Portal | 2 | |
3 total
InfoWarrior (
pink | 52 APM | 2413 actions | 46:04)
5 Blademaster
3 Wind Walk
2 Critical Strike
» actions
| Assign group hotkey | 65 | |
| Basic commands | 436 | |
| Build / train | 89 | |
| Enter build submenu | 57 | |
| Enter hero's abilities submenu | 5 | |
| Give item / drop item | 5 | |
| Remove unit from queue | 6 | |
| Right click | 757 | |
| Select / deselect | 416 | |
| Select group hotkey | 470 | |
| Use ability | 106 | |
2413 total
» units
| Peon | 34 | |
| Grunt | 9 | |
| Troll Batrider | 9 | |
| Wind Rider | 3 | |
55 total
» upgrades
| Reinforced Defenses | 1 | |
| Ranged Weapons | 3 | |
| Armor | 3 | |
| Envenomed Spears | 1 | |
8 total
» buildings
| Orc Burrow | 7 | |
| Altar of Storms | 1 | |
| Barracks | 1 | |
| Voodoo Lounge | 1 | |
| Stronghold | 3 | |
| War Mill | 2 | |
| Beastiary | 8 | |
| Watch Tower | 36 | |
| Fortress | 1 | |
| Great Hall | 2 | |
62 total
» build order
00:14 Orc Burrow
00:55 Altar of Storms
00:58 Barracks
01:06 Orc Burrow
01:38 Voodoo Lounge
02:48 Stronghold
02:48 Stronghold
04:07 War Mill
05:28 Beastiary
05:28 Beastiary
06:27 Watch Tower
06:28 Watch Tower
06:29 Watch Tower
07:18 Orc Burrow
07:29 Orc Burrow
08:53 Fortress
11:14 Great Hall
11:17 Watch Tower
11:17 Watch Tower
11:20 Watch Tower
11:22 Watch Tower
11:39 Watch Tower
11:39 Watch Tower
11:40 Watch Tower
12:46 Great Hall
12:57 Watch Tower
12:57 Watch Tower
14:13 Watch Tower
14:17 Watch Tower
15:22 Beastiary
15:22 Beastiary
15:25 Watch Tower
15:26 Watch Tower
15:26 Watch Tower
15:27 Watch Tower
15:29 Watch Tower
15:30 Watch Tower
16:14 Beastiary
16:17 Beastiary
16:21 Orc Burrow
16:25 Orc Burrow
16:29 Orc Burrow
16:45 War Mill
18:53 Beastiary
18:57 Beastiary
22:27 Watch Tower
22:28 Watch Tower
22:28 Watch Tower
22:29 Watch Tower
22:32 Watch Tower
22:58 Watch Tower
22:59 Watch Tower
23:00 Watch Tower
23:01 Watch Tower
23:03 Watch Tower
23:03 Watch Tower
23:04 Watch Tower
23:04 Watch Tower
23:13 Watch Tower
23:14 Watch Tower
» items
| Healing Salve | 3 | |
| Orb of Lightning | 1 | |
| Staff of Teleportation | 1 | |
| Potion of Mana | 1 | |
| Potion of Healing | 1 | |
| Lesser Clarity Potion | 1 | |
| Scroll of Town Portal | 1 | |
9 total
faast (
teal | 26 APM | 1218 actions | 46:04)
5 Mountain King
2 Storm Bolt
3 Bash
3 Blood Mage
2 Flame Strike
1 Siphon Mana
» actions
| Basic commands | 43 | |
| Build / train | 76 | |
| Enter build submenu | 30 | |
| Enter hero's abilities submenu | 8 | |
| Right click | 421 | |
| Select / deselect | 579 | |
| Use ability | 61 | |
1218 total
» units
| Peasant | 16 | |
| Footman | 7 | |
| Rifleman | 6 | |
| Mortar Team | 3 | |
| Priest | 2 | |
| Flying Machine | 4 | |
| Siege Engine | 4 | |
| Knight | 2 | |
44 total
» upgrades
| Defend | 1 | |
| Swords | 1 | |
| Plating | 3 | |
| Gunpowder | 3 | |
| Lumber Harvesting | 1 | |
| Masonry | 3 | |
| Magic Sentry | 1 | |
| Priest Training | 1 | |
| Barrage | 1 | |
15 total
» buildings
| Altar of Kings | 1 | |
| Barracks | 1 | |
| Farm | 13 | |
| Scout Tower | 10 | |
| Arcane Tower | 2 | |
| Blacksmith | 1 | |
| Lumber Mill | 1 | |
| Keep | 1 | |
| Guard Tower | 3 | |
| Workshop | 2 | |
| Arcane Sanctum | 1 | |
| Castle | 1 | |
| Town Hall | 2 | |
39 total
» build order
00:12 Altar of Kings
00:17 Barracks
00:27 Farm
01:08 Farm
01:52 Scout Tower
02:22 Farm
02:29 Arcane Tower
03:01 Blacksmith
03:32 Farm
03:42 Farm
05:26 Scout Tower
05:50 Scout Tower
05:56 Farm
05:58 Arcane Tower
06:11 Farm
06:46 Lumber Mill
06:55 Scout Tower
07:31 Keep
07:39 Guard Tower
09:45 Farm
09:46 Farm
10:10 Workshop
10:14 Workshop
11:44 Arcane Sanctum
12:47 Farm
15:49 Castle
17:39 Town Hall
18:18 Farm
18:25 Farm
19:47 Farm
20:02 Town Hall
23:51 Scout Tower
23:51 Scout Tower
24:24 Scout Tower
24:24 Scout Tower
24:26 Guard Tower
26:01 Guard Tower
26:03 Scout Tower
26:03 Scout Tower
Chat log
(00:12 / All) cabbageroll: whats up nubs
(00:37 / Allies) doot: arch
(00:38 / Allies) doot: kotg
(00:39 / Allies) doot: mg
(02:27 / All) cabbageroll: happy kwanza
(02:34 / All) faast: fuck is that?
(02:40 / All) cabbageroll: black people christmas
(02:41 / All) cabbageroll: dumbass
(02:45 / All) doot: dumbass
(02:50 / All) faast: LOL fuck kwanza
(03:00 / All) doot: fuck you
(03:00 / All) undeadsrhuman2: he might not be culturally enriched enough to know what that is
(03:02 / All) doot: dumbass
(03:06 / All) faast: bring it
(03:08 / All) cabbageroll: stfu nigger
(03:09 / All) cabbageroll: idiot
(03:16 / All) faast: wouldnt it be the other way around?
(04:06 / Allies) doot: yellow come
(08:50 / All) agan-fly: lol
(08:53 / All) doot: lol
(09:01 / All) faast: happy quanza
(14:21 / All) agan-fly: tower it upppp
(15:13 / All) undeadsrhuman2: lol
(15:17 / All) agan-fly: leave
(15:28 / All) undeadsrhuman2: I'll leave when it shows a victory screen
(15:31 / All) agan-fly: k
(24:57 / All) undeadsrhuman2: BACK THE FUCK OFF!!!!!
(25:07 / All) agan-fly: leave
(32:56 / All) InfoWarrior: This one sure was close!!!!
(33:07 / All) InfoWarrior: Haven't had 100 food in a while
(34:30 / All) undeadsrhuman2: LOL
(34:38 / All) InfoWarrior: green was a cocksucker lawl
(34:45 / All) InfoWarrior: taking all the creeps even more oranges
(34:52 / All) InfoWarrior: while I fucked with orange and yel
(40:50 / All) InfoWarrior: been in many games with faast
(40:59 / All) InfoWarrior: I remember him being a faggot, not sure why
(41:11 / All) undeadsrhuman2: he sucks cock
(41:18 / All) InfoWarrior: That'll do it
(42:55 / All) InfoWarrior: You there faast?
(43:29 / All) undeadsrhuman2: brb a sec gotta piss
(45:23 / All) InfoWarrior: FAAST SPEAK TO ME
(45:30 / All) InfoWarrior: YOU HAVE TO THE COUNT OF 10 TO COMPLY
(45:34 / All) InfoWarrior: 1
(45:35 / All) InfoWarrior: 2
(45:37 / All) InfoWarrior: 3
(45:39 / All) InfoWarrior: 4
(45:40 / All) InfoWarrior: 5
(45:41 / All) InfoWarrior: 6
(45:42 / All) InfoWarrior: 7
(45:44 / All) InfoWarrior: 8
(45:45 / All) InfoWarrior: 9
(45:47 / All) InfoWarrior: 10
(45:54 / All) undeadsrhuman2: Back
(46:01 / All) InfoWarrior: Be that way, now you must lose!